 Dungeon Crawl Stone Soup version 0.23.2-33-g5129a83184 (webtiles) character file.

Game seed: 11103552323444537266

337502 t4s4d4r the Executioner (level 23, 0/188 HPs)
             Began as a Formicid Fighter on July 13, 2019.
             Was the Champion of Okawaru.
             Slain by t4s4d4r's illusion (1 damage)
             ... woven by Mara
             ... while petrified by you
             ... on level 4 of the Shoals.
             The game lasted 02:17:22 (50415 turns).

t4s4d4r the Executioner (Formicid Fighter)         Turns: 50415, Time: 02:17:23

Health: 0/188      AC: 37    Str: 32    XL:     23   Next: 27%
Magic:  33/33      EV:  2    Int: 21    God:    Okawaru [******]
Gold:   311        SH:  0    Dex: 12    Spells: 17/29 levels left

rFire    + + .     SeeInvis +   b - +3 executioner's axe (freeze)
rCold    . . .     Gourm    .   l - +9 large shield "Onois" {MR+ Slay+3}
rNeg     + + +     Faith    .   o - +7 chain mail "Cadub" {Str+6}
rPois    ∞         Spirit   .   (helmet unavailable)
rElec    +         Reflect  .   r - +2 cloak of the Thief {+Fog Slay-2 SInv Stlth+}
rCorr    +         Harm     .   X - +2 pair of gloves of the Ward {rCorr Str+3}
MR       ++...                  W - +2 pair of boots {run}
Stlth    +.........             I - amulet "Laebeit" {+Rage rElec Dex+2 SInv}
HPRegen  0.00/turn              B - +6 ring of protection
MPRegen  0.23/turn              E - ring "Sidick" {+Fly rF+ MR- Int+5 Slay+2}

@: petrified, mesmerised, glowing, quick
A: permanent stasis, dig shafts and tunnels, four strong arms, antennae 3, fire
resistance 1, high mp 1, inhibited regeneration, MP-powered wands
}: 1/15 runes: gossamer
a: Dig, Shaft Self, Heroism, Finesse, Renounce Religion, Evoke Fog, Evoke Flight


You were on level 4 of the Shoals.
You worshipped Okawaru.
Okawaru was exalted by your worship.
You were not hungry.

You visited 8 branches of the dungeon, and saw 39 of its levels.
You also visited: Trove, Sewer, Gauntlet and Ice Cave.

You collected 4044 gold pieces.
You spent 3733 gold pieces at shops.

Inventory:

Hand Weapons
 b - a +3 executioner's axe of freezing (weapon)
Missiles
 e - 1063 stones (quivered)
 y - 7 throwing nets
 z - 10 javelins
 D - 27 silver javelins
Armour
 l - the +9 large shield "Onois" (worn) {MR+ Slay+3}
   (You found it in a treasure trove)

   It affects your accuracy and damage with ranged weapons and melee attacks
   (+3).
   It affects your resistance to hostile enchantments.
 o - the +7 chain mail "Cadub" (worn) {Str+6}
   (You found it on level 7 of the Dungeon)

   It affects your strength (+6).
 r - the +2 cloak of the Thief (worn) {+Fog Slay-2 SInv Stlth+}
   (You found it on level 1 of the Lair of Beasts)

   It affects your accuracy and damage with ranged weapons and melee attacks
   (-2).
   It lets you see invisible.
   It makes you more stealthy.
 S - a scarf of resistance
 W - a +2 pair of boots of running (worn)
 X - the +2 pair of gloves of the Ward (worn) {rCorr Str+3}
   (Okawaru gifted it to you on level 1 of the Orcish Mines)

   It affects your strength (+3).
   It provides partial protection from all sources of acid and corrosion.
 Z - the +5 large shield of Okawaru's Anger {rF+ rC+ Str+2}
   (Okawaru gifted it to you on level 4 of the Vaults)

   It affects your strength (+2).
   It protects you from fire.
   It protects you from cold.
Jewellery
 c - an uncursed ring of wizardry
 j - an uncursed amulet of regeneration
 t - an uncursed ring of positive energy
 x - the ring of Shadows {Umbra +Inv Stlth+}
   (You found it on level 2 of the Depths)

   [ring of stealth]

   It lets you turn invisible.
   It makes you more stealthy.
 B - a +6 ring of protection (left hand)
 E - the ring "Sidick" (right hand) {+Fly rF+ MR- Int+5 Slay+2}
   (You bought it in a shop on level 1 of the Depths)

   [ring of flight]

   It affects your intelligence (+5).
   It affects your accuracy and damage with ranged weapons and melee attacks
   (+2).
   It protects you from fire.
   It affects your resistance to hostile enchantments.
   It lets you fly.
 I - the amulet "Laebeit" (around neck) {+Rage rElec Dex+2 SInv}
   (You found it on level 6 of the Lair of Beasts)

   [amulet of rage]

   It affects your dexterity (+2).
   It insulates you from electricity.
   It lets you see invisible.
   It lets you go berserk.
 Q - an uncursed ring of protection from cold
 T - an uncursed ring of poison resistance
 U - an uncursed ring of flight
Wands
 A - a wand of iceblast (28)
 C - a wand of paralysis (14)
 K - a wand of acid (24)
Scrolls
 d - 5 scrolls of fog
 h - 9 scrolls of immolation
 i - 4 scrolls of amnesia
 n - 3 scrolls of magic mapping
 q - 19 scrolls of remove curse
 F - 4 scrolls of holy word
 J - 5 scrolls of fear
 L - 18 scrolls of identify
 M - a scroll of summoning
 N - a scroll of enchant armour
Potions
 g - 8 potions of magic
 k - 3 potions of ambrosia
 m - 7 potions of agility
 p - 17 potions of curing
 s - 10 potions of brilliance
 v - 7 potions of flight
 w - 8 potions of invisibility
 G - 4 potions of lignification
 H - 5 potions of heal wounds
 Y - a potion of might
Miscellaneous
 a - a lamp of fire
 O - 3 phantom mirrors
 R - 2 boxes of beasts
 V - a phial of floods
Comestibles
 f - 49 rations
 u - 5 chunks of flesh


   Skills:
 + Level 17.5 Fighting
 - Level 21.2 Axes
 + Level 15.8 Armour
 + Level 13.2 Dodging
 - Level 11.2 Stealth
 + Level 13.9 Shields
 - Level 3.9 Spellcasting
 - Level 2.4 Hexes
 - Level 2.9 Necromancy
 - Level 7.2 Translocations
 - Level 5.2 Invocations
 - Level 9.9 Evocations


You had 17 spell levels left.
You knew the following spells:

 Your Spells              Type           Power        Failure   Level  Hunger
a - Animate Skeleton      Necr           N/A          13%         1    None
b - Apportation           Tloc           ####..       2%          1    None
c - Confusing Touch       Hex            ##....       16%         1    None
d - Lesser Beckoning      Tloc           ####......   7%          3    ###....
e - Passage of Golubria   Tloc           N/A          22%         4    ####...
f - Swiftness             Chrm/Air       #.......     56%         2    #......

Your spell library contained the following spells:

 Spells                   Type           Power        Failure   Level  Hunger
 Gell's Gravitas          Tloc           ####......   7%          3    ###....
 Teleport Other           Tloc           ####....     7%          3    ###....
 Pain                     Necr           ###.         13%         1    None
 Shroud of Golubria       Chrm/Tloc      ###.......   16%         2    #......
 Corpse Rot               Necr           N/A          21%         2    #......
 Sublimation of Blood     Necr           ###.......   21%         2    #......
 Slow                     Hex            ##......     24%         2    #......
 Recall                   Summ/Tloc      N/A          30%         3    ###....
 Vampiric Draining        Necr           ###.......   36%         3    ###....
 Beastly Appendage        Tmut           #.....       41%         1    None
 Freeze                   Ice            #...         41%         1    None
 Magic Dart               Conj           #...         41%         1    None
 Shock                    Conj/Air       #...         41%         1    None
 Sting                    Conj/Pois      #...         41%         1    None
 Summon Butterflies       Summ           #.......     41%         1    None
 Summon Small Mammal      Summ           #...         41%         1    None
 Confuse                  Hex            ##......     43%         3    ###....
 Tukima's Dance           Hex            ##......     43%         3    ###....
 Call Imp                 Summ           #.......     56%         2    #......
 Poisonous Vapours        Pois/Air       #.....       56%         2    #......
 Searing Ray              Conj           #.....       56%         2    #......
 Sticks to Snakes         Tmut           #.......     56%         2    #......
 Throw Frost              Conj/Ice       #.....       56%         2    #......
 Regeneration             Chrm/Necr      ##........   58%         3    ###....
 Dazzling Spray           Conj/Hex       #.....       63%         3    ###....
 Summon Guardian Golem    Hex/Summ       #.......     63%         3    ###....
 Force Lance              Conj/Tloc      ###.....     69%         4    ####...
 Animate Dead             Necr           N/A          78%         4    ####...
 Call Canine Familiar     Summ           #.......     80%         3    ###....
 Conjure Flame            Conj/Fire      #.......     80%         3    ###....
 Ignite Poison            Fire/Tmut/Pois #.......     80%         3    ###....
 Mephitic Cloud           Conj/Pois/Air  #.......     80%         3    ###....
 Ozocubu's Armour         Chrm/Ice       #.......     80%         3    ###....
 Spider Form              Tmut/Pois      #.........   80%         3    ###....
 Static Discharge         Conj/Air       #.......     80%         3    ###....
 Stone Arrow              Conj/Erth      #.....       80%         3    ###....
 Fulminant Prism          Conj/Hex       #.........   95%         4    ####...
 Leda's Liquefaction      Hex/Erth       #.........   95%         4    ####...
 Summon Forest            Summ/Tloc      ###.......   95%         5    ######.
 Airstrike                Air            #.........   99%         4    ####...
 Ice Form                 Ice/Tmut       #.......     99%         4    ####...
 Iskenderun's Mystic Bla  Conj           #.......     99%         4    ####...
 Olgreb's Toxic Radiance  Pois           #.......     99%         4    ####...
 Petrify                  Tmut/Erth      #.......     99%         4    ####...
 Summon Ice Beast         Ice/Summ       #.......     99%         4    ####...
 Summon Lightning Spire   Summ/Air       #.......     99%         4    ####...
 Throw Icicle             Conj/Ice       #.......     99%         4    ####...
 Alistair's Intoxication  Tmut/Pois      #.......     100%        5    ######.
 Blade Hands              Tmut           #.........   100%        5    ######.
 Bolt of Magma            Conj/Fire/Erth #.........   100%        5    ######.
 Borgnjor's Vile Clutch   Necr/Erth      ##........   100%        5    ######.
 Fireball                 Conj/Fire      #.........   100%        5    ######.
 Irradiate                Conj/Tmut      #.........   100%        5    ######.
 Iskenderun's Battlesphe  Conj/Chrm      #.......     100%        5    ######.
 Lightning Bolt           Conj/Air       #.........   100%        5    ######.
 Metabolic Englaciation   Hex/Ice        #.........   100%        5    ######.
 Venom Bolt               Conj/Pois      #.........   100%        5    ######.
 Yara's Violent Unravell  Hex/Tmut       #.........   100%        5    ######.
 Bolt of Cold             Conj/Ice       #.........   100%        6    #######
 Bolt of Fire             Conj/Fire      #.........   100%        6    #######
 Death Channel            Necr           ###.......   100%        6    #######
 Freezing Cloud           Conj/Ice/Air   #.........   100%        6    #######
 Hydra Form               Tmut           #.........   100%        6    #######
 Invisibility             Hex            ##......     100%        6    #######
 Iron Shot                Conj/Erth      #.........   100%        6    #######
 Ozocubu's Refrigeration  Ice            #.........   100%        6    #######
 Simulacrum               Ice/Necr       ##........   100%        6    #######
 Statue Form              Tmut/Erth      #........    100%        6    #######
 Orb of Destruction       Conj           #.........   100%        7    #######
 Ring of Flames           Chrm/Fire      #.........   100%        7    #######
 Spellforged Servitor     Conj/Summ      #.........   100%        7    #######
 Summon Hydra             Summ           #.........   100%        7    #######
 Ignition                 Fire           #.........   100%        8    #######
 Shatter                  Erth           #.........   100%        9    #######
 Blink                    Tloc           Unusable     N/A         2    N/A

Dungeon Overview and Level Annotations

Branches:
Dungeon (15/15)            Temple (1/1) D:5            Lair (6/6) D:10
 Shoals (4/4) Lair:4       Spider (4/4) Lair:3        Slime (0/5) Lair:6
    Orc (2/2) D:9             Elf (0/3) Orc:2        Vaults (4/5) D:13
  Crypt (0/3) Vaults:2     Depths (3/5) D:15

Altars:
Ashenzari
Cheibriados
Dithmenos
Fedhas
Gozag
Kikubaaqudgha
Makhleb
Nemelex Xobeh
Okawaru
Sif Muna
Trog
Uskayaw
Vehumet
Wu Jian
Xom
Yredelemnul
Zin
Beogh
Jiyva

Shops:
D:9 *:   D:10 *}*?:   D:12 :   D:13 ?   D:14 *[[}!   Orc:2 !%![[   Shoals:1 [
Depths:1 ((=:%   Depths:2 }=}

Portals:
Hell: Depths:1 Depths:2
Abyss: Depths:2
Ziggurat: Depths:1

Annotations:
D:9 exclusions: sensed monster (detected) and 2 more exclusions
D:11 Urug
D:14 1 runed translucent door, bmj180's ghost, journeyman MiFi
Lair:4 exclusion: oklob plant
Shoals:4 Mara
Depths:1 exclusion: fire dragon


Innate Abilities, Weirdness & Mutations

You cannot be hasted, slowed, berserked, paralysed or teleported.
You can dig through walls and to a lower floor.
Your four strong arms can wield two-handed weapons with a shield.
You have a pair of large antennae on your head. (SInv)
Your flesh is heat resistant. (rF+)
You have an increased reservoir of magic. (+10% MP)
You do not regenerate when monsters are visible.
You expend magic power (3 MP) to strengthen your wands.


Message History

The merfolk seems to regain its courage.
T4s4d4r's illusion hits you!
* * * LOW HITPOINT WARNING * * *
T4s4d4r's illusion freezes you!
* * * LOW HITPOINT WARNING * * *
The death yak gores you!
* * * LOW HITPOINT WARNING * * *
The death yak completely misses you.
The merfolk siren chants its luring song.
The faun shoots a stone.
The stone hits you but does no damage.
T4s4d4r's illusion hits you but does no damage.
The death yak gores you!
* * * LOW HITPOINT WARNING * * *
The merfolk siren chants its luring song.
The death yak gores you but does no damage.
The faun shoots a stone.
The stone hits you but does no damage. T4s4d4r's illusion hits you.
* * * LOW HITPOINT WARNING * * *
T4s4d4r's illusion freezes you.
You die...

≈≈≈≈≈≈....PP......P##...
≈≈≈≈≈≈....P≈≈.....PP#..
≈≈≈≈≈≈≈...#P≈..)...P#....
≈≈≈≈≈c....#PP.......P....
.≈≈≈≈.....##P......PP.(.≈
#.≈≈≈...m..###..PP.P.^.P≈
#.≈≈≈≈..††.(.((##.PP..PP≈
#..≈≈≈mR....(...P..≈..PP≈
#....≈≈@@...<..(..≈≈PP.≈P
#...≈≈≈YY..)........÷.P.≈
#..≈≈≈........(...)......
...[.t......)..(.(.......
.≈..((..(.)..(..)(.......
≈≈P##.........)..........
.P.##....≈≈(....≈≈.......
P .
##).[...≈≈≈P≈≈≈P≈......
≈P
#.).<(((≈(≈PPP≈P≈).....


You could see Mara, 2 death yaks, a snapping turtle, a merfolk, a faun, a
merfolk siren and t4s4d4r's illusion.

Vanquished Creatures
  Mennas (Vaults:3)
  Nikola (Vaults:1)
  Arachne (Spider:3)
  A lich (Depths:2)
  A Tzitzimitl (Depths:2)
  Jorgrun (Shoals:2)
  Rupert (D:13)
  An Ice Fiend (IceCv)
  Polyphemus (Shoals:4)
  A kraken (Shoals:1)
  Kirke (D:15)
  2 shadow dragons (Depths:2)
  A storm dragon (Vaults:3)
  2 fire giants
  4 frost giants
  A deep elf sorcerer (Vaults:1)
  A ghost moth (Spider:4)
  8 emperor scorpions
  A draconian scorcher (Depths:1)
  12 vault wardens
  An orc warlord (Orc:1)
  9 stone giants
  4 entropy weavers
  6 very ugly things
  11 ironheart preservers
  A deep elf demonologist (Vaults:1)
  4 vampire knights
  Azrael (D:15)
  2 deep elf annihilators (Depths:2)
  A minotaur (Gauntlet)
  2 merfolk javelineers (Shoals:4)
  4 ettins
  3 jiangshi (Depths:1)
  7 merfolk impalers
  A great orb of eyes (Depths:1)
  5 fire dragons
  4 ice dragons
  11 yaktaur captains
  2 rakshasas
  11 vault guards
  13 ogre magi
  5 hydras
  5 merfolk avatars
  3 merfolk aquamancers
  5 satyrs
  9 centaur warriors
  3 death knights
  2 alligator snapping turtles
  35 two-headed ogres
  5 deep troll earth magi
  3 deep troll shamans
  3 death yaks (Lair:3)
  6 tengu warriors
  A titan zombie (Depths:2)
  2 vampire magi
  6 orc high priests (Orc:2)
  A fire crab (shapeshifter) (Vaults:3)
  3 deep elf knights
  A shock serpent (shapeshifter) (D:14)
  2 fire crabs (Lair:1)
  5 shadow wraiths
  A glowing orange brain (Vaults:1)
  An iron troll (Depths:2)
  13 deep trolls
  16 sea snakes
  An unseen horror (shapeshifter) (Vaults:3)
  7 unseen horrors
  7 wizards
  3 shadow demons (Depths:2)
  4 flayed ghosts
  15 ironbrand convokers
  4 deep elf archers
  7 orc knights
  15 harpies
  22 orb spiders
  2 necromancers
  36 ugly things
  A fire giant zombie (Depths:2)
  8 deep elf magi
  A frost giant zombie (Depths:2)
  25 wolf spiders
  An orc sorcerer (D:15)
  8 cyclopes
  14 fauns
  11 manticores
  An ice statue (IceCv)
  9 merfolk sirens
  4 black mambas
  11 elephants
  A fire giant skeleton (Depths:2)
  A frost giant skeleton (Depths:1)
  3 moths of wrath
  15 vault sentinels
  3 water nymphs (Shoals:3)
  A rust devil (Depths:1)
  14 spiny frogs
  A yaktaur zombie (Depths:1)
  A rime drake (Lair:6)
  2 torpor snails (Spider:3)
  3 gargoyles
  An efreet (Gauntlet)
  7 ice devils (IceCv)
  7 freezing wraiths
  44 yaktaurs
  10 komodo dragons
  A queen bee (D:9)
  12 demonic crawlers
  20 merfolk
  2 tengu conjurers (Depths:1)
  8 trolls
  29 jumping spiders
  An anaconda simulacrum (IceCv)
  6 hornets
  2 trolls (shapeshifter) (Vaults:1)
  4 tyrant leeches (Spider:2)
  A polar bear (shapeshifter) (Depths:2)
  5 polar bears
  21 slime creatures
  10 hippogriffs
  A wind drake (shapeshifter) (Depths:1)
  2 wind drakes
  A dream sheep (shapeshifter) (Vaults:2)
  15 dream sheep
  3 centaur simulacra
  11 snapping turtles
  Sigmund (D:5)
  4 dire elephant simulacra (IceCv)
  72 redbacks
  4 flying skulls (Gauntlet)
  18 water elementals
  8 shadows
  31 tarantellas
  7 fire elementals
  3 vampires
  3 basilisks
  A fire bat (Lair:1)
  7 hogs (D:15)
  6 wyverns
  18 yaks
  A basilisk (shapeshifter) (Vaults:1)
  6 wraiths
  2 golden eyes (shapeshifter)
  7 vampire mosquitoes (D:15)
  14 wargs
  2 hungry ghosts
  2 harpy simulacra (IceCv)
  Edmund (D:5)
  5 iron troll simulacra (IceCv)
  4 hell hounds
  14 water moccasins
  5 porcupines
  2 hydra simulacra (IceCv)
  23 orc warriors
  3 black bears
  An ettin simulacrum (Depths:1)
  4 ice beasts
  3 sky beasts
  A necrophage (D:10)
  An alligator simulacrum (IceCv)
  11 boggarts
  46 ogres
  2 phantoms (D:9)
  12 centaurs
  6 wolves (Lair:2)
  19 crocodiles
  3 big kobolds
  23 bullfrogs
  A tengu simulacrum (Depths:1)
  4 earth elementals (Spider:2)
  2 wyvern zombies
  3 wyvern skeletons
  A water moccasin zombie (D:7)
  3 scorpions
  9 wights
  24 killer bees
  3 electric eels
  2 howler monkeys (D:14)
  2 bullfrog zombies
  6 crimson imps
  A quasit (D:14)
  A human simulacrum (Vaults:1)
  3 centaur zombies
  2 draconian simulacra (IceCv)
  3 hounds
  3 jellies
  4 bullfrog skeletons
  42 orc priests
  40 orc wizards
  7 centaur skeletons
  Ijyb (D:3)
  5 iguanas
  10 worker ants
  7 hell rats (Lair:6)
  A polar bear simulacrum (IceCv)
  4 troll simulacra (IceCv)
  2 spriggan simulacra
  2 wolf simulacra (IceCv)
  A hound zombie (D:7)
  4 gnolls (D:3)
  An ogre simulacrum (IceCv)
  18 adders
  A howler monkey skeleton (D:11)
  2 naga simulacra (IceCv)
  4 shadow imps
  4 white imps (IceCv)
  3 ufetubi (IceCv)
  An ooze (D:7)
  3 adder zombies
  3 adder skeletons
  5 worms
  3 dart slugs
  9 leopard geckos
  135 orcs
  4 ball pythons
  9 giant cockroaches
  5 goblins
  7 hobgoblins
  19 jackals
  22 kobolds
  6 quokkas
  10 bats
  A frilled lizard (D:1)
  2 quokka skeletons (D:6)
  13 rats
  8 fungi
  22 plants
  4 tentacles (Shoals:1)
1701 creatures vanquished.

Vanquished Creatures (collateral kills)
  A merfolk impaler (Shoals:2)
  A sea snake (Shoals:2)
  4 harpies (Shoals:2)
  3 fauns (Shoals:2)
  A water nymph (Shoals:3)
  A merfolk siren (Shoals:2)
  A merfolk (Shoals:2)
  A wind drake (Shoals:1)
  A water elemental (Shoals:2)
  A hell hound (D:15)
15 creatures vanquished.

Vanquished Creatures (others)
  A merfolk aquamancer (Shoals:4)
  A two-headed ogre (Vaults:1)
  A wolf spider (Spider:3)
  A boggart (Vaults:3)
  An ogre (Vaults:1)
  2 ufetubi (IceCv)
  29 fungi
  83 plants
  15 tentacles (Shoals:1)
134 creatures vanquished.

Grand Total: 1850 creatures vanquished

Notes
Turn   | Place    | Note
-------+----------+-------------------------------------------
     0 | D:1      | t4s4d4r the Formicid Fighter began the quest for the Orb.
     0 | D:1      | Reached XP level 1. HP: 18/18 MP: 1/1
    26 | D:1      | Reached XP level 2. HP: 13/24 MP: 2/2
   231 | D:1      | Reached skill level 3 in Axes
   521 | D:1      | Reached XP level 3. HP: 29/29 MP: 3/3
   667 | D:1      | You fall through a shaft!
   813 | D:2      | Reached skill level 4 in Axes
   813 | D:2      | Reached XP level 4. HP: 26/35 MP: 4/4
  1065 | D:2      | Reached XP level 5. HP: 18/41 MP: 5/5
  1487 | D:2      | You fall through a shaft for 2 floors!
  1499 | D:4      | Reached skill level 5 in Axes
  1811 | D:4      | Noticed an ogre
  1848 | D:4      | Killed an ogre
  1848 | D:4      | Reached skill level 6 in Axes
  1848 | D:4      | Reached XP level 6. HP: 23/47 MP: 6/6
  2382 | D:3      | Reached XP level 7. HP: 51/52 MP: 7/7
  2470 | D:3      | Reached skill level 7 in Axes
  2562 | D:3      | Found a glowing drain.
  2569 | Sewer    | Entered a sewer
  4172 | D:3      | Noticed Ijyb
  4183 | D:3      | Killed Ijyb
  4183 | D:3      | Reached skill level 8 in Axes
  4644 | D:4      | Found an opulent altar of Gozag.
  4645 | D:4      | Found a shattered altar of Ashenzari.
  4719 | D:3      | Reached XP level 8. HP: 7/58 MP: 8/8
  5360 | D:5      | Entered Level 5 of the Dungeon
  5464 | D:5      | Reached skill level 9 in Axes
  5557 | D:5      | Found a staircase to the Ecumenical Temple.
  5564 | Temple   | Entered the Ecumenical Temple
  5675 | Temple   | Became a worshipper of Warmaster Okawaru
  5805 | D:5      | Noticed Sigmund
  5989 | D:5      | Killed Sigmund
  5989 | D:5      | Reached skill level 10 in Axes
  6338 | D:5      | Noticed Edmund
  6349 | D:5      | Killed Edmund
  6349 | D:5      | Reached * piety under Okawaru
  6349 | D:5      | Reached XP level 9. HP: 55/64 MP: 9/9
  6889 | D:6      | Reached skill level 11 in Axes
  6968 | D:6      | Reached skill level 1 in Dodging
  7245 | D:6      | Reached ** piety under Okawaru
  7660 | D:7      | Reached skill level 5 in Fighting
  7663 | D:7      | Reached XP level 10. HP: 25/74 MP: 10/10
  7961 | D:7      | Found a blossoming altar of Fedhas.
  8053 | D:7      | Reached skill level 12 in Axes
  8053 | D:7      | Reached *** piety under Okawaru
  8139 | D:7      | Got a bronze chain mail
  8319 | D:7      | Found a burning altar of Makhleb.
  8428 | D:7      | Identified the +7 chain mail "Cadub" {Str+6} (You found it
                  | on level 7 of the Dungeon)
  9953 | D:9      | Noticed an unseen horror
  9958 | D:9      | Found Odigh's Book Boutique.
  9980 | D:9      | Killed an unseen horror
  9980 | D:9      | Reached **** piety under Okawaru
  9980 | D:9      | Received a gift from Okawaru
  9980 | D:9      | Reached skill level 13 in Axes
 10080 | D:9      | Reached skill level 5 in Shields
 10080 | D:9      | Reached XP level 11. HP: 84/84 MP: 11/11
 10111 | D:9      | Found a staircase to the Orcish Mines.
 10127 | D:9      | Found Zin's Purification Station.
 10127 | D:9      | Found a glowing silver altar of Zin.
 10347 | D:10     | Entered Level 10 of the Dungeon
 10351 | D:10     | Noticed a two-headed ogre
 10363 | D:10     | Killed a two-headed ogre
 10363 | D:10     | Reached skill level 5 in Armour
 10497 | D:10     | Reached ***** piety under Okawaru
 11190 | D:10     | Reached skill level 14 in Axes
 11261 | D:10     | Found a staircase to the Lair.
 11383 | D:10     | Found Ramilaoz's Book Emporium.
 11417 | D:10     | Noticed a two-headed ogre
 11436 | D:10     | Killed a two-headed ogre
 11436 | D:10     | Received a gift from Okawaru
 11447 | D:10     | Got a faintly humming scale mail {god gift}
 11742 | D:10     | Found Uhekhlom's Assorted Antiques.
 11745 | D:10     | Bought a scroll labeled XUITEL GENOUSO for 22 gold pieces
 11745 | D:10     | Bought a white potion for 19 gold pieces
 11745 | D:10     | Bought an ivory wand for 88 gold pieces
 11745 | D:10     | Bought a scroll labeled OSAUTE LETS for 22 gold pieces
 11745 | D:10     | Bought a scroll labeled OSAUTE LETS for 22 gold pieces
 11746 | D:10     | Identified the +3 scale mail "Meenic" {rF+ MP-9 Int+6
                  | Slay+3} (Okawaru gifted it to you on level 10 of the
                  | Dungeon)
 11787 | D:10     | Found Huddost's Magic Scroll Emporium.
 11792 | D:10     | Bought a scroll of identify for 34 gold pieces
 11792 | D:10     | Bought a scroll of identify for 34 gold pieces
 11792 | D:10     | Bought a scroll of enchant weapon for 127 gold pieces
 11847 | D:10     | Found Varoy's General Store.
 11850 | D:10     | Found Hegg's Gadget Shoppe.
 11857 | D:10     | Bought a wand of acid (5) for 270 gold pieces
 12273 | D:11     | Noticed a seven-headed hydra
 12369 | D:11     | Noticed a cyan ugly thing
 12377 | D:11     | Killed a cyan ugly thing
 12377 | D:11     | Reached XP level 12. HP: 54/90 MP: 12/12
 12747 | D:11     | Noticed Urug
 12747 | D:11     | Noticed an eight-headed hydra
 12872 | D:11     | Got a steaming whip
 12873 | D:11     | Identified the +5 whip of Disintegration {drain, rF- MP+9
                  | Str+5} (You found it on level 11 of the Dungeon)
 12965 | D:11     | Killed a nine-headed hydra
 13389 | D:12     | Reached skill level 5 in Evocations
 13533 | D:12     | Found Feruty's Book Shoppe.
 13560 | D:12     | Noticed a sixfirhy
 13789 | D:12     | Noticed an unseen horror
 13814 | D:12     | Killed an unseen horror
 13968 | D:13     | Found a gate to the Vaults.
 13968 | D:13     | Noticed a vault guard
 13968 | D:13     | Noticed a two-headed ogre
 13968 | D:13     | Noticed a vault guard
 13968 | D:13     | Noticed a vault guard
 13999 | D:13     | Killed a two-headed ogre
 13999 | D:13     | Reached ****** piety under Okawaru
 13999 | D:13     | Received a gift from Okawaru
 14005 | D:13     | Killed a vault guard
 14018 | D:13     | Killed a vault guard
 14036 | D:13     | Killed a vault guard
 14036 | D:13     | Reached XP level 13. HP: 71/95 MP: 18/20
 14121 | D:13     | Learned a level 1 spell: Animate Skeleton
 14123 | D:13     | Learned a level 1 spell: Apportation
 14125 | D:13     | Learned a level 1 spell: Confusing Touch
 14155 | D:13     | Noticed Rupert
 14169 | D:13     | Killed Rupert
 14169 | D:13     | Reached skill level 15 in Axes
 14227 | D:13     | Received a gift from Okawaru
 14355 | D:13     | Found Edoxuin's Magic Scroll Emporium.
 14359 | D:13     | Bought a scroll of enchant armour for 97 gold pieces
 14762 | Lair:1   | Entered Level 1 of the Lair of Beasts
 14907 | Lair:1   | Found a transporter.
 15003 | Lair:1   | Reached skill level 16 in Axes
 15085 | Lair:1   | Found a transporter.
 15087 | Lair:1   | Found the +2 cloak of the Thief {+Fog Slay-2 SInv Stlth+}
 15349 | Lair:1   | Received a gift from Okawaru
 16466 | Lair:3   | Found a hole to the Spider Nest.
 16536 | Lair:3   | Reached XP level 14. HP: 79/108 MP: 21/21
 16563 | Lair:3   | Reached skill level 10 in Fighting
 17690 | Lair:4   | Found a staircase to the Shoals.
 17836 | Lair:4   | Reached skill level 17 in Axes
 18848 | Lair:6   | Entered Level 6 of the Lair of Beasts
 18878 | Lair:6   | Received a gift from Okawaru
 18993 | Lair:6   | Reached skill level 5 in Dodging
 19248 | Lair:6   | Found a gate leading to a gauntlet.
 19257 | Gauntlet | Entered a Gauntlet
 19257 | Gauntlet | Found a transporter.
 19266 | Gauntlet | Found a transporter.
 19268 | Gauntlet | Found a transporter.
 19282 | Gauntlet | Found a transporter.
 19284 | Gauntlet | Found a transporter.
 19294 | Gauntlet | Found a transporter.
 19310 | Gauntlet | Found a transporter.
 19320 | Gauntlet | Found a transporter.
 19324 | Gauntlet | Found a transporter.
 19324 | Gauntlet | Found a transporter.
 19340 | Gauntlet | Found a transporter.
 19358 | Gauntlet | Found a transporter.
 19364 | Gauntlet | Found a transporter.
 19368 | Gauntlet | Found a transporter.
 19526 | Gauntlet | Reached XP level 15. HP: 94/116 MP: 22/22
 19874 | Lair:6   | Received a gift from Okawaru
 19874 | Lair:6   | Reached skill level 18 in Axes
 19882 | Lair:6   | Got a faintly glowing zirconium amulet
 19889 | Lair:6   | Got a crude jade amulet
 19890 | Lair:6   | Identified the amulet "Qigrebb" {RegenMP *Corrode +Blink
                  | rElec rN+} (You found it on level 6 of the Lair of Beasts)
 19891 | Lair:6   | Identified the amulet "Laebeit" {+Rage rElec Dex+2 SInv}
                  | (You found it on level 6 of the Lair of Beasts)
 20042 | Lair:6   | Found a viscous altar of Jiyva.
 20042 | Lair:6   | Found a staircase to the Slime Pits.
 20488 | Lair:1   | Identified a scroll of acquirement
 20758 | D:14     | Found a burning altar of Makhleb.
 20759 | D:14     | Found Qonoe's Assorted Antiques.
 20763 | D:14     | Found Qen Xua's Antique Armour Emporium.
 20780 | D:14     | Received a gift from Okawaru
 20926 | D:14     | Found Plog's Antique Armour Emporium.
 21088 | D:14     | Found Sackom's Distillery.
 21135 | D:14     | Bought a potion of heal wounds for 75 gold pieces
 21135 | D:14     | Bought a potion of heal wounds for 75 gold pieces
 21321 | D:14     | Found a runed translucent door.
 21322 | D:14     | Noticed bmj180's ghost (journeyman MiFi)
 21323 | D:14     | Found Duyleris's Gadget Emporium.
 21331 | D:14     | Identified the +6 trident "Rocych" {venom, Str+4}
 21528 | D:14     | Reached skill level 10 in Shields
 21758 | D:15     | Entered Level 15 of the Dungeon
 21799 | D:15     | Noticed Azrael
 21837 | D:14     | Received a gift from Okawaru
 21846 | D:14     | Identified a +0 pair of boots of running (Okawaru gifted it
                  | to you on level 14 of the Dungeon)
 21995 | D:15     | Found an opulent altar of Gozag.
 22023 | D:15     | Reached XP level 16. HP: 107/123 MP: 23/23
 22101 | D:15     | Noticed Kirke
 22117 | D:15     | Killed Kirke
 22226 | D:15     | Found a sparkling altar of Nemelex Xobeh.
 22567 | D:15     | Reached skill level 10 in Armour
 22570 | D:15     | Killed Azrael
 22848 | D:15     | Found a staircase to the Depths.
 22877 | D:15     | Reached skill level 19 in Axes
 23067 | Orc:1    | Entered Level 1 of the Orcish Mines
 23286 | Orc:1    | Found a radiant altar of Vehumet.
 23435 | Orc:1    | Received a gift from Okawaru
 23438 | Orc:1    | Got a pair of jewelled gloves {god gift}
 23504 | Orc:1    | Identified the +2 pair of gloves of the Ward {rCorr Str+3}
                  | (Okawaru gifted it to you on level 1 of the Orcish Mines)
 23697 | Orc:2    | Entered Level 2 of the Orcish Mines
 23782 | Orc:2    | Reached skill level 1 in Stealth
 23842 | Orc:2    | Found Heqefidi's Distillery.
 23851 | Orc:2    | Bought 2 potions of heal wounds for 180 gold pieces
 23993 | Orc:2    | Gained mutation: You are frail. (-10% HP) [a neqoxec]
 24079 | Orc:2    | Found a staircase to the Elven Halls.
 24121 | Orc:2    | Found a roughly hewn altar of Beogh.
 24146 | Orc:2    | Found Qiekaap's Antique Armour Emporium.
 24171 | Orc:2    | Found Ogubeqa's Armour Shop.
 24298 | Orc:2    | Found Pacaf's Distillery.
 24340 | Orc:2    | Bought a potion of heal wounds for 85 gold pieces
 24340 | Orc:2    | Bought a potion of mutation for 136 gold pieces
 24340 | Orc:2    | Bought a potion of heal wounds for 85 gold pieces
 24371 | Orc:2    | Found Zuqit's Food Emporium.
 24692 | Orc:2    | Lost mutation: You are frail. (-10% HP) [potion of
                  | mutation]
 24692 | Orc:2    | Gained mutation: Scrolls take you a little longer to read.
                  | [potion of mutation]
 24692 | Orc:2    | Gained mutation: You possess an exceptional clarity of
                  | mind. [potion of mutation]
 24692 | Orc:2    | Gained mutation: You do not regenerate when monsters are
                  | visible. [potion of mutation]
 24692 | Orc:2    | Gained mutation: Your flesh is heat resistant. (rF+)
                  | [potion of mutation]
 24693 | Orc:2    | Lost mutation: Scrolls take you a little longer to read.
                  | [potion of mutation]
 24693 | Orc:2    | Lost mutation: You possess an exceptional clarity of mind.
                  | [potion of mutation]
 24693 | Orc:2    | Gained mutation: Your magical capacity is low. (-10% MP)
                  | [potion of mutation]
 24693 | Orc:2    | Lost mutation: Your magical capacity is low. (-10% MP)
                  | [potion of mutation]
 24693 | Orc:2    | Gained mutation: You have large cloven feet. [potion of
                  | mutation]
 24693 | Orc:2    | Gained mutation: You have an increased reservoir of magic.
                  | (+10% MP) [potion of mutation]
 24694 | Orc:2    | Lost mutation: You have large cloven feet. [potion of
                  | mutation]
 24694 | Orc:2    | Gained mutation: You possess an exceptional clarity of
                  | mind. [potion of mutation]
 24694 | Orc:2    | Gained mutation: You are resistant to hostile enchantments.
                  | (MR+) [potion of mutation]
 24898 | D:14     | Bought a potion of mutation for 120 gold pieces
 24901 | D:14     | Lost mutation: You possess an exceptional clarity of mind.
                  | [potion of mutation]
 24901 | D:14     | Lost mutation: You are resistant to hostile enchantments.
                  | (MR+) [potion of mutation]
 24901 | D:14     | Gained mutation: You expend magic power (3 MP) to
                  | strengthen your wands. [potion of mutation]
 25167 | Lair:1   | Got a pair of faintly glowing boots
 25205 | Lair:1   | Identified the +2 pair of boots of a wizard's laboratory
                  | {Dex+5} (You found it on level 1 of the Lair of Beasts)
 25300 | Spider:1 | Entered Level 1 of the Spider Nest
 25662 | Lair:3   | HP: 6/125 [poisoned by a redback]
 25667 | Lair:3   | HP: 5/125 [poisoned by a redback]
 25672 | Lair:3   | HP: 5/125 [poisoned by a redback]
 25677 | Lair:3   | HP: 6/125 [poisoned by a redback]
 25983 | D:10     | Bought a book of Spatial Translocations for 910 gold pieces
 25987 | D:10     | Learned a level 3 spell: Lesser Beckoning
 25992 | D:10     | Learned a level 4 spell: Passage of Golubria
 26142 | Shoals:1 | Entered Level 1 of the Shoals
 26192 | Shoals:1 | Reached XP level 17. HP: 52/131 MP: 23/26
 26197 | Shoals:1 | Reached skill level 1 in Spellcasting
 26197 | Shoals:1 | Reached skill level 1 in Translocations
 26199 | Shoals:1 | Reached skill level 5 in Stealth
 26630 | Shoals:1 | Noticed a kraken
 26657 | Shoals:1 | Received a gift from Okawaru
 26879 | Shoals:1 | Found Vuaqidev's Armour Boutique.
 27017 | Shoals:1 | Got a heavily runed scale mail
 27023 | Shoals:1 | Identified the +3 scale mail of Action {*Drain rN++ Str+2
                  | Dex+4} (You found it on level 1 of the Shoals)
 27127 | Shoals:2 | Reached skill level 1 in Necromancy
 27540 | Shoals:2 | Noticed Jorgrun
 27559 | Shoals:2 | Killed Jorgrun
 27559 | Shoals:2 | Received a gift from Okawaru
 27567 | Shoals:2 | Got a bloodstained scale mail {god gift}
 28228 | Shoals:3 | Found a frozen archway.
 28289 | IceCv    | Entered an ice cave
 28803 | IceCv    | Reached skill level 1 in Hexes
 28957 | IceCv    | Noticed an Ice Fiend
 28975 | IceCv    | Reached skill level 5 in Translocations
 29223 | IceCv    | Killed an Ice Fiend
 29866 | Shoals:3 | Identified the +5 scale mail "Plog" {Str+5} (Okawaru gifted
                  | it to you on level 2 of the Shoals)
 29920 | Shoals:4 | Entered Level 4 of the Shoals
 29921 | Shoals:4 | Noticed Mara
 29935 | Shoals:4 | Noticed t4s4d4r's illusion
 30163 | Shoals:4 | Reached XP level 18. HP: 105/138 MP: 27/27
 30168 | Shoals:4 | Noticed t4s4d4r's illusion
 30556 | Spider:1 | Received a gift from Okawaru
 31378 | Spider:2 | Reached skill level 10 in Stealth
 31444 | Spider:2 | Reached skill level 20 in Axes
 33057 | Spider:3 | Noticed Arachne
 33074 | Spider:3 | Killed Arachne
 33367 | Spider:3 | Received a gift from Okawaru
 33711 | Spider:4 | Entered Level 4 of the Spider Nest
 34715 | Spider:4 | Reached XP level 19. HP: 84/147 MP: 18/29
 36254 | Spider:4 | Reached skill level 21 in Axes
 36271 | Spider:4 | Got a gossamer rune of Zot
 36676 | Depths:1 | Entered Level 1 of the Depths
 36711 | Depths:1 | Received a gift from Okawaru
 36806 | Depths:1 | Found Zorch's Weapon Emporium.
 37006 | Depths:1 | Found Raitem's Jewellery Shoppe.
 37012 | Depths:1 | Bought the ring "Sidick" {+Fly rF+ MR- Int+5 Slay+2} for
                  | 600 gold pieces
 37026 | Depths:1 | Found Jiredierr's Book Shop.
 37034 | Depths:1 | Found Suedukha's Food Emporium.
 37171 | Depths:1 | Received a gift from Okawaru
 37269 | Depths:1 | Found a gateway to a ziggurat.
 37269 | Depths:1 | Noticed an ancient lich
 37739 | Depths:1 | Found Fytour's Weapon Shoppe.
 37911 | Depths:1 | Reached skill level 1 in Invocations
 38000 | Depths:1 | Learned a level 2 spell: Swiftness
 38141 | Depths:1 | Found a gateway to Hell.
 39063 | Depths:2 | Noticed a lich
 39071 | Depths:2 | Killed a lich
 39146 | Depths:2 | Found Ipeoko's Gadget Shop.
 39148 | Depths:2 | Found Toockeg's Jewellery Shoppe.
 39149 | Depths:2 | Found Zuddy's Gadget Shop.
 39279 | Depths:2 | Received a gift from Okawaru
 39279 | Depths:2 | Reached skill level 5 in Invocations
 39356 | Depths:2 | Reached XP level 20. HP: 144/158 MP: 30/30
 39365 | Depths:2 | Found a one-way gate to the infinite horrors of the Abyss.
 40379 | Depths:2 | Received a gift from Okawaru
 40467 | Depths:2 | Found a shadowy altar of Dithmenos.
 40467 | Depths:2 | Noticed a Tzitzimitl
 40468 | Depths:2 | Found the ring of Shadows {Umbra +Inv Stlth+}
 40673 | Depths:2 | Killed a Tzitzimitl
 40883 | Depths:2 | Got a bound silver ring
 40894 | Depths:2 | Identified the ring of the Bruised Wishes {rC- Str+6
                  | Stlth+} (You found it on level 2 of the Depths)
 41255 | Vaults:1 | Entered Level 1 of the Vaults
 41266 | Vaults:1 | Identified the amulet "Tykiphuc" {RegenMP +Inv Str+2}
 41299 | Vaults:1 | Received a gift from Okawaru
 41302 | Vaults:1 | Reached skill level 10 in Dodging
 41529 | Vaults:1 | Noticed a Tzitzimitl
 41538 | Vaults:1 | Noticed a Hell Sentinel
 41693 | Vaults:1 | Found a portal to a secret trove of treasure.
 41883 | Vaults:1 | Noticed Nikola
 41906 | Vaults:1 | Killed Nikola
 41906 | Vaults:1 | Reached skill level 15 in Fighting
 42387 | Vaults:1 | Reached XP level 21. HP: 111/168 MP: 31/31
 43790 | Vaults:2 | Received a gift from Okawaru
 44769 | D:13     | Bought a scroll of enchant armour for 97 gold pieces
 44829 | D:10     | Bought a scroll of enchant armour for 127 gold pieces
 44829 | D:10     | Bought a scroll of enchant armour for 127 gold pieces
 44829 | D:10     | Bought a scroll of enchant armour for 127 gold pieces
 44829 | D:10     | Bought a scroll of enchant armour for 127 gold pieces
 44829 | D:10     | Bought a scroll of enchant armour for 127 gold pieces
 44950 | Vaults:1 | You paid a toll of +5 ice dragon scales to enter a treasure
                  | trove
 44951 | Trove    | Entered a treasure trove
 44966 | Trove    | Got an ancient large shield
 44974 | Trove    | Got a crude large shield
 44998 | Trove    | Identified the +9 large shield "Onois" {MR+ Slay+3} (You
                  | found it in a treasure trove)
 45008 | Trove    | Identified the +1 large shield of Gestures {rPois} (You
                  | found it in a treasure trove)
 45022 | Trove    | Got a pair of pitted gloves
 45033 | Trove    | Identified the +2 pair of gloves "Wouhar" {rF++ MR+} (You
                  | found it in a treasure trove)
 45438 | Vaults:2 | Found a staircase to the Crypt.
 46083 | Vaults:3 | Noticed Mennas
 46122 | Vaults:3 | Killed Mennas
 46427 | Vaults:3 | Reached XP level 22. HP: 179/179 MP: 32/32
 46498 | Vaults:3 | Received a gift from Okawaru
 46712 | Vaults:3 | Received a gift from Okawaru
 47586 | Vaults:3 | Reached skill level 15 in Armour
 47705 | Vaults:4 | Received a gift from Okawaru
 48356 | Vaults:4 | Received a gift from Okawaru
 48369 | Vaults:4 | Got a distressingly furry large shield {god gift}
 48440 | Vaults:4 | Identified the +5 large shield of Okawaru's Anger {rF+ rC+
                  | Str+2} (Okawaru gifted it to you on level 4 of the Vaults)
 49336 | Shoals:4 | Noticed t4s4d4r's illusion
 49536 | Shoals:4 | Reached XP level 23. HP: 132/188 MP: 30/33
 50376 | Shoals:4 | Noticed Polyphemus
 50397 | Shoals:4 | Killed Polyphemus
 50404 | Shoals:4 | Noticed t4s4d4r's illusion
 50413 | Shoals:4 | HP: 7/188 [death yak[Polyphemus] (5)]
 50414 | Shoals:4 | HP: 2/188 [death yak[Polyphemus] (5)]
 50415 | Shoals:4 | Slain by t4s4d4r's illusion

Skill      XL: |  1  2  3  4  5  6  7  8  9 10 11 12 13 14 15 16 17 18 19 20 21 22 23 |
---------------+----------------------------------------------------------------------+-----
Axes           | 3 4 6 8 10 11 13 14 16 17 18 19 20 21 | 21.2
Dodging        | 2 3 4 5 7 8 10 11 12 13 | 13.2
Shields        | 4 5 7 8 10 11 13 | 13.9
Fighting       | 5 7 9 10 11 12 13 15 16 17 | 17.5
Armour         | 4 6 8 9 10 11 12 14 15 | 15.8
Evocations     | 9 |  9.9
Stealth        | 4 9 11 | 11.2
Spellcasting   | 3 |  3.9
Translocations | 5 7 |  7.2
Necromancy     | 2 |  2.9
Hexes          | 2 |  2.4
Invocations    | 5 |  5.2

Action                   |  1- 3 |  4- 6 |  7- 9 | 10-12 | 13-15 | 16-18 | 19-21 | 22-24 || total
-------------------------+-------+-------+-------+-------+-------+-------+-------+-------++-------
Melee: War axe           |    66 |   107 |   471 |       |       |       |       |       ||   644
       Battleaxe         |       |       |    45 |   777 |    29 |       |       |       ||   851
       Broad axe         |       |       |       |       |   827 |  1445 |   433 |       ||  2705
       Executioner's axe |       |       |       |       |       |    23 |   729 |   497 ||  1249
Throw: Stone             |       |       |     1 |       |     1 |     2 |    14 |       ||    18
 Cast: Animate Skeleton  |       |       |       |       |       |    16 |     1 |       ||    17
       Lesser Beckoning  |       |       |       |       |       |    11 |     2 |       ||    13
       Confusing Touch   |       |       |       |       |       |       |     1 |       ||     1
Invok: Heroism           |       |       |       |       |       |     2 |     9 |     1 ||    12
       Finesse           |       |       |       |       |       |       |     1 |       ||     1
 Abil: Dig               |       |     1 |       |       |       |       |       |       ||     1
       Evoke Fog         |       |       |       |       |       |     3 |     3 |     1 ||     7
Evoke: Wand              |       |       |     8 |     6 |     9 |     8 |     5 |     7 ||    43
       Phial of floods   |       |       |       |       |       |     1 |       |       ||     1
       Box of beasts     |       |       |       |       |       |     1 |       |       ||     1
  Use: Potion            |       |     1 |     1 |       |     1 |     8 |     3 |     4 ||    18
       Scroll            |       |     4 |     3 |    22 |    13 |    12 |     7 |     2 ||    63
 Stab: Sleeping          |       |       |     1 |       |       |    15 |     9 |     7 ||    32
       Distracted        |       |       |       |       |       |     3 |     1 |       ||     4
       Confused          |       |       |       |       |       |       |     2 |       ||     2
  Eat: Chunk             |       |     5 |    17 |    20 |    18 |    23 |    19 |     9 ||   111
       Ration            |       |       |     1 |     1 |     3 |     5 |     6 |     1 ||    17
Armor: Scale mail        |    22 |    30 |   136 |       |       |       |       |       ||   188
       Ring mail         |       |       |    65 |    32 |       |   201 |    49 |       ||   347
       Chain mail        |       |       |       |   234 |   250 |   328 |   273 |   159 ||  1244
Dodge: Dodged            |    26 |    22 |   190 |   218 |   207 |   488 |   297 |   185 ||  1633
Block: Shield            |    42 |    55 |   339 |   614 |   608 |  1253 |   791 |       ||  3702
       Large shield      |       |       |       |       |       |       |   125 |   681 ||   806
